[Event "*** Titled Tuesday Blitz AM"]
[Site "Chess.com"]
[Date "2020.01.07"]
[Round "1"]
[White "platy3"]
[Black "Chesswizard_2007"]
[Result "1-0"]
[WhiteElo "2893"]
[BlackElo "2496"]
[TimeControl "180+2"]
[EndTime "9:08:20 PST"]
[Termination "platy3 won by resignation"]

1. e4 e5 2. Nf3 Nc6 3. Bc4 Bc5 4.
O-O Nf6 5. d3 O-O 6. c3 d6 7. h3 a6 8. a4 Ba7 9. Re1 h6 10. Nbd2 Be6 11. b4 Ne7 12. Bxe6 fxe6 13. Qb3 Qd7 14. d4 Nh5 15. dxe5 Ng6 16. exd6 Ngf4 17.
c4 Qf7 18. c5 Qg6 19. Nh4 Qf6 20. Ndf3 Qxa1 21. Bb2 Ne2+ 22. Kh2 Qxe1 23. Qxe6+ Rf7 24. Nxe1 Nhf4 25. Qc4 cxd6 26. Nf5 dxc5 27. Bxg7 Bb8 28. g3 Ng6 29. Nxh6+ Kxg7 30. Nxf7 Bc7 31. Ng5 Nd4 32.
bxc5 Nc6 33. Ne6+ Kh7 34. Nxc7 Rf8 35. f4 Nxf4 36. gxf4 Rxf4 37. Ng2 Rf2 38. Qe6 Nd4 39. Qd7+ Kg6 40. Qxd4 Rxg2+ 1-0

[Event "*** Titled Tuesday Blitz AM"]
[Site "Chess.com"]
[Date "2020.01.07"]
[Round "1"]
[White "smshk35"]
[Black "bascheyaro"]
[Result "1-0"]
[WhiteElo "2344"]
[BlackElo "2688"]
[TimeControl "180+2"]
[EndTime "9:08:20 PST"]
[Termination "smshk35 won by resignation"]

1. e4 e6 2. d4 d5 3. Bd3 c5 4.
exd5 exd5 5. dxc5 Bxc5 6. Nf3 Nf6 7. O-O O-O 8. c3 h6 9. h3 Nc6 10. Nbd2 a6 11. Nb3 Ba7 12. Nbd4 Nxd4 13. Nxd4 Ne4 14. Re1 Bxd4 15. cxd4 Bf5 16. Bf4 Qf6 17. Be5 Qg5 18. Bxe4 Bxe4 19. Qg4 f6 20. Qxg5 hxg5 21. Bg3 Rfc8 22.
Rac1 Kf7 23. f3 Bc2 24. Re2 Bd3 25. Ree1 Rc4 26. Rxc4 dxc4 27. Bd6 b5 28. Re7+ Kg6 29. Bc7 a5 30. d5 b4 31. d6 c3 32. bxc3 bxc3 33. d7 c2 34. Re1 Bc4 35. d8=Q Rxd8 36. Bxd8 Bxa2 37. Bxa5 Kf5 38. Bd2 Bc4 39. Kf2 Kg6 40.
Bc1 Kf7 41. g4 Bd5 42. f4 gxf4 43. Bxf4 g5 44. Bc1 Kg6 45. Kg3 Bb3 46. Re3 Bd5 47. Rd3 Be4 48. Rd6 Kf7 49. Kf2 Ke7 50. Rd4 Bg6 51.
Ke3 Ke6 52. Ba3 Ke5 53. Rc4 Bh7 54. Rc6 f5 55. Rc5+ Ke6 56. Kf3 Kf6 57. Bb2+ Ke6 58. Rc6+ Kd5 59. Rh6 fxg4+ 60. Kxg4 Bd3 61. Kxg5 Kc4 62.
h4 Kb3 63. Bc1 Ka2 64. Rc6 Kb1 65. Bf4 Be4 66. Rc7 Kb2 67. h5 Bd3 68. h6 Kb1 69. h7 Bxh7 70. Rxh7 c1=Q 71. Bxc1 Kxc1 72. Rh2 1-0

[Event "*** Titled Tuesday Blitz AM"]
[Site "Chess.com"]
[Date "2020.01.07"]
[Round "1"]
[White "GMCarbone"]
[Black "vova-79"]
[Result "1/2-1/2"]
[WhiteElo "2248"]
[BlackElo "2607"]
[TimeControl "180+2"]
[EndTime "9:08:21 PST"]
[Termination "Game drawn by repetition"]

1. d4 d5 2. c4 c6 3. Nf3 Nf6 4. e3 e6 5. Nc3 Nbd7 6. Qc2 Bd6 7. Bd3 O-O 8. O-O dxc4 9. Bxc4 e5 10. h3 h6 11. a3 Qc7 12. Ba2 exd4 13. exd4 Nb6 14.
Re1 Nbd5 15. Nxd5 Nxd5 16. Bb1 f5 17. Ne5 Be6 18. Ba2 Rae8 19. Bd2 Qd8 20. Rad1 Qf6 21. Nc4 Bc7 22. Bc3 Nxc3 23. bxc3 Bd5 24. Ne3 Bxa2 25.
Qxa2+ Kh8 26. Qb3 b6 27. Nc4 Qf7 28. Nd2 Qd7 29. Nf3 Rxe1+ 30. Rxe1 Re8 31. Rxe8+ Qxe8 32. Kf1 Qe4 33. Qf7 Qd3+ 34. Ke1 Qxc3+ 35. Ke2 Qc2+ 36. Ke1 Bf4 37. g3 Bc1 38. Ne5 Qe4+ 39. Kf1 Bxa3 40. Qe8+ Kh7 41. Qg6+ Kg8 42. Qe8+ Kh7 43. Qg6+ Kg8 44.
Qe8+ Kh7 1/2-1/2

[Event "*** Titled Tuesday Blitz AM"]
[Site "Chess.com"]
[Date "2020.01.07"]
[Round "1"]
[White "gpeloui"]
[Black "GMHess"]
[Result "1-0"]
[WhiteElo "2400"]
[BlackElo "2721"]
[TimeControl "180+2"]
[EndTime "9:08:22 PST"]
[Termination "gpeloui won by resignation"]

1. e4 g6 2. d4 Bg7 3. Nc3 c6 4. Nf3 b5 5. a3 d6 6. h3 Nd7 7. Be3 a6 8. Qd2 Nb6 9. Bd3 h6 10. O-O g5 11. Rad1 Nf6 12. Rfe1 g4 13.
hxg4 Nxg4 14. Bf4 e5 15. dxe5 dxe5 16. Bg3 Be6 17. b3 Qe7 18. Qc1 h5 19. Nh4 Bf6 20. Nf5 Bxf5 21. exf5 h4 22. Bh2 h3 23. Be4 Qc5 24. Qd2 hxg2 25. Bg3 Rd8 26. Qe2 Qxc3 27. Qxg4 Nd5 28. Kxg2 Ke7 29. Qf3 Qxf3+ 30. Kxf3 Nc3 31. Rxd8 Rxd8 32. Bxc6 Rd2 33. Bb7 Rxc2 34. Bxe5 Bxe5 35. Rxe5+ Kd6 36. Re3 Nb1 37. a4 b4 38. Bxa6 Rc3 39. Bc4 Nd2+ 40. Ke2 Rxe3+ 41. fxe3 Nxc4 42. bxc4 Kc5 43. Kd3 Kc6 44. e4 f6 45. a5 Kc5 46. Kc2 1-0

[Event "*** Titled Tuesday Blitz AM"]
[Site "Chess.com"]
[Date "2020.01.07"]
[Round "1"]
[White "TBergh98"]
[Black "Boundless_Strike"]
[Result "0-1"]
[WhiteElo "2364"]
[BlackElo "2722"]
[TimeControl "180+2"]
[EndTime "9:08:22 PST"]
[Termination "Boundless_Strike won by resignation"]

1. d4 f5 2. e4 fxe4 3. Nc3 Nf6 4. Bg5 Nc6 5. d5 Ne5 6. Qe2 c6 7. Nxe4 cxd5 8. Nxf6+ exf6 9. f4 Be7 10. fxe5 fxg5 11.
O-O-O Qa5 12. Kb1 O-O 13. Nf3 d6 14. h4 g4 15. Nd4 dxe5 16. Qxe5 Bf6 17. Qe3 Bd7 18. c3 Rae8 19. Qg3 Bxd4 20. Rxd4 Bf5+ 21. Ka1 Qc7 22. Qf2 g3 23. Qd2 Be4 24. Bd3 Rf2 25.
Qe3 Qf7 26. a3 Bxd3 27. Qxd3 Rxg2 28. Rxd5 Rf2 29. Rg1 g2 30. Ka2 Rf5 31. c4 Rxd5 32. cxd5 Rd8 33. Rxg2 Qxd5+ 34. Qxd5+ Rxd5 35. Rg4 h5 36. Kb3 hxg4 0-1

[Event "*** Titled Tuesday Blitz AM"]
[Site "Chess.com"]
[Date "2020.01.07"]
[Round "1"]
[White "gemarin"]
[Black "Sashadav97"]
[Result "0-1"]
[WhiteElo "2032"]
[BlackElo "2547"]
[TimeControl "180+2"]
[EndTime "9:08:22 PST"]
[Termination "Sashadav97 won on time"]

1. d4 Nf6 2. c4 e6 3. Nf3 d5 4.
Nc3 Nbd7 5. Bg5 h6 6. Bh4 c6 7. e3 g5 8. Bg3 Nh5 9. Be5 Ng7 10.
Bg3 Nf5 11. Bd3 Nxg3 12. hxg3 Bg7 13. Rc1 a6 14. cxd5 exd5 15. Bb1 Qe7 16. Qd3 Nf6 17. Ne5 Ng4 18. f4 Nxe5 19. fxe5 Be6 20. O-O h5 21. e4 O-O-O 22. exd5 Bxd5 23. Nxd5 Rxd5 24. Qf5+ Rd7 25. d5 Kb8 26. dxc6 bxc6 27. Rxc6 Bxe5 28. Be4 Rhd8 29.
Rb6+ Ka7 30. Rb3 Rd1 31. Rb7+ Qxb7 32. Bxb7 Bd4+ 33. Kh2 Rxf1 34. Bf3 Bg1+ 35. Kh1 Bb6+ 36. Kh2 Rc1 37. Qxf7+ Rc7 38. Qxh5 Rdd7 39. Be4 Re7 40.
Qf3 Rh7+ 41. Bxh7 Rxh7+ 0-1

[Event "*** Titled Tuesday Blitz AM"]
[Site "Chess.com"]
[Date "2020.01.07"]
[Round "1"]
[White "narutosmith"]
[Black "Didici"]
[Result "0-1"]
[WhiteElo "2253"]
[BlackElo "2648"]
[TimeControl "180+2"]
[EndTime "9:08:27 PST"]
[Termination "Didici won on time"]

1. d4 Nf6 2. c4 b6 3. Nc3 Bb7 4. f3 d5 5. cxd5 Nxd5 6. e4 Nxc3 7. bxc3 e5 8. d5 Bc5 9. f4 Nd7 10. Nf3 Qe7 11. Bb5 exf4 12. Bxd7+ Kxd7 13. Qd3 Rae8 14. e5 g5 15. Qf5+ Kd8 16. Bb2 Bc8 17. Qe4 g4 18.
Nd4 Qxe5 19. Nc6+ Kd7 20. Nxe5+ Rxe5 21. Qxe5 Re8 22. Qxe8+ Kxe8 23. O-O-O Ba6 24. Rde1+ Kd7 25. Rhf1 Bxf1 26. Rxf1 Kd6 27. c4 b5 28. cxb5 Kxd5 29. Kc2 Ke4 30. Re1+ Be3 31. Bc1 f5 32. g3 Kf3 33.
gxf4 Bxc1 34. Kxc1 h5 35. Kd2 h4 36. Rf1+ Kg2 37. Ke2 Kxh2 38. a4 h3 39. Rf2+ Kg1 40.
Rf1+ Kg2 41. Rf2+ Kg3 42. Rf1 h2 43. a5 Kg2 44. Rf2+ Kh3 45. Rf1 g3 46. Rd1 g2 47.
Kf2 h1=Q 0-1

[Event "*** Titled Tuesday Blitz AM"]
[Site "Chess.com"]
[Date "2020.01.07"]
[Round "1"]
[White "Colombiano07"]
[Black "Zq1"]
[Result "0-1"]
[WhiteElo "2163"]
[BlackElo "2579"]
[TimeControl "180+2"]
[EndTime "9:08:27 PST"]
[Termination "Zq1 won by checkmate"]

1. Nf3 d5 2. b3 c5 3. Bb2 f6 4. e3 e5 5. Bb5+ Bd7 6. a4 Nc6 7. O-O a6 8. Bxc6 Bxc6 9. d4 cxd4 10. exd4 e4 11. Re1 Bd6 12. c4 Ne7 13. cxd5 Bxd5 14. Nc3 f5 15. Nxd5 Nxd5 16. Ne5 O-O 17. Rc1 Nf4 18.
Re3 Bxe5 19. dxe5 Nd3 20. Ba3 Nxc1 21. Qxc1 Rc8 22. Qa1 Qd2 23. Re1 Rc2 24. Rf1 Re8 25. Bd6 e3 26. a5 exf2+ 27. Kh1 Qd5 28. b4 Re2 29. h3 Qe4 30. Kh2 f4 31. Qc3 h6 32.
Qb3+ Kh7 33. Qf3 Qxf3 34. gxf3 Rc8 35. Kg2 Rcc2 36. Bc5 Rxe5 37. Rxf2 Ree2 38. Rxe2 Rxe2+ 39. Kf1 Rh2 40. Bd6 Rxh3 41. Kg2 Rh4 42. Be7 Rh5 43. Bd6 Rf5 44. Kh3 g5 45. Kg4 Kg6 46. Bc5 h5+ 47. Kh3 Rd5 48. Be7 Kf5 49. Bc5 Rd2 50. Bg1 g4+ 51.
fxg4+ hxg4+ 52. Kh4 Rg2 53. b5 Rxg1 54. b6 Rh1# 0-1

[Event "*** Titled Tuesday Blitz AM"]
[Site "Chess.com"]
[Date "2020.01.07"]
[Round "1"]
[White "chess4ever007"]
[Black "Witik"]
[Result "0-1"]
[WhiteElo "2276"]
[BlackElo "2666"]
[TimeControl "180+2"]
[EndTime "9:08:30 PST"]
[Termination "Witik won by resignation"]

1. Nf3 Nf6 2. c4 g6 3. Nc3 Bg7 4. e4 d6 5. d4 O-O 6. Be2 e5 7.
O-O Nc6 8. d5 Ne7 9. Ne1 Nd7 10.
Nd3 f5 11. f3 a5 12. Bd2 Kh8 13. Rc1 Ng8 14. Nb5 b6 15. b3 Bh6 16. a3 Bxd2 17.
Qxd2 Nc5 18. Nxc5 bxc5 19. b4 axb4 20. axb4 cxb4 21. Qxb4 Ra2 22. Nc3 Rd2 23. c5 Nh6 24. Rfd1 Rxd1+ 25. Rxd1 Nf7 26. Nb5 Qg5 27. Qc3 Ba6 28.
Ra1 Bxb5 29. Bxb5 fxe4 30. fxe4 dxc5 31. Qxc5 Nd6 32. Bd3 Qd2 33. Bf1 Kg8 34. h3 Nxe4 35. Qxc7 Qd4+ 36. Kh2 Qxa1 37. Bc4 Qd4 38. d6+ Kh8 39.
d7 Qd6 40. Qb7 Nc5 0-1

[Event "*** Titled Tuesday Blitz AM"]
[Site "Chess.com"]
[Date "2020.01.07"]
[Round "1"]
[White "LonesomeGeorge1"]
[Black "Kirill_Klukin"]
[Result "0-1"]
[WhiteElo "2320"]
[BlackElo "2702"]
[TimeControl "180+2"]
[EndTime "9:08:36 PST"]
[Termination "Kirill_Klukin won by resignation"]

1. e4 c5 2. Nf3 Nc6 3. Bb5 g6 4. Bxc6 bxc6 5. O-O Bg7 6. Re1 Nh6 7. c3 O-O 8. h3 f6 9. d4 cxd4 10. cxd4 Nf7 11. Nc3 d6 12. b3 Qa5 13. Bb2 Bd7 14. Qd2 Qh5 15. Rad1 Bxh3 16. gxh3 Qxf3 17. Qe3 Qh5 18.
Ne2 Ng5 19. Kg2 Bh6 20. Nf4 Qh4 21. Qg3 Qxg3+ 22. fxg3 a5 23. h4 Nf7 24. Ne6 Rfc8 25. e5 f5 26. exd6 exd6 27. Bc1 a4 28. Bxh6 Nxh6 29. Ng5 axb3 30. axb3 Ra2+ 31. Kg1 f4 32. Re7 fxg3 33. Nxh7 Ng4 34. Rf1 Rf2 35. Rfe1 Ra8 36. Ng5 Raa2 37. Re8+ Rf8 38. R1e7 Rf2 39. Rxf8+ Kxf8 40. Rd7 d5 41. Nh7+ Kg8 42. Ng5 Ne3 0-1

[Event "*** Titled Tuesday Blitz AM"]
[Site "Chess.com"]
[Date "2020.01.07"]
[Round "1"]
[White "Artem_Ilyin"]
[Black "Annawel"]
[Result "1/2-1/2"]
[WhiteElo "2530"]
[BlackElo "2995"]
[TimeControl "180+2"]
[EndTime "9:08:39 PST"]
[Termination "Game drawn by repetition"]

1. d4 Nf6 2. c4 c5 3. Nf3 e6 4. g3 cxd4 5. Nxd4 d5 6. Bg2 e5 7. Nf3 d4 8. O-O Nc6 9. e3 Be7 10.
exd4 exd4 11. Bf4 O-O 12. Ne5 Be6 13. Nd2 Qb6 14. Qb3 Rac8 15. Rfd1 Rfd8 16. Nd3 Qa6 17.
Qb5 Qb6 18. Rac1 h6 19. Nb3 g5 20. Bd2 Qc7 21. Nbc5 Bg4 22. Re1 Bxc5 23. Nxc5 Rb8 24. Nd3 a6 25. Qa4 Bf5 26. Qa3 Bg6 27. b4 Re8 28. b5 Ne5 29. Nxe5 Rxe5 30. Rxe5 Qxe5 31. bxa6 bxa6 32. c5 Qe2 33. Be1 d3 34. Qc3 Ne4 35.
Qe5 Rc8 36. Bxe4 Bxe4 37. Bc3 Kf8 38. Qg7+ Ke7 39. Qe5+ Kf8 40. Qg7+ Ke8 41. Qe5+ Kd8 42. Qd6+ Ke8 43. Qe5+ Kd7 44. Qd6+ Ke8 45. Qe5+ 1/2-1/2

[Event "*** Titled Tuesday Blitz AM"]
[Site "Chess.com"]
[Date "2020.01.07"]
[Round "1"]
[White "PIwan"]
[Black "severomorskij"]
[Result "1-0"]
[WhiteElo "2513"]
[BlackElo "2873"]
[TimeControl "180+2"]
[EndTime "9:08:40 PST"]
[Termination "PIwan won on time"]

1. c4 e5 2. Nc3 Bb4 3. Nd5 Bc5 4.
Nf3 c6 5. Nc3 d6 6. e3 Bb4 7. Qb3 Ba5 8. d4 e4 9. Nd2 f5 10. g3 Nf6 11. Bg2 O-O 12. O-O Kh8 13. f3 d5 14. fxe4 dxe4 15. Qc2 Ng4 16. Nb3 Bc7 17. Qe2 a5 18. Bd2 b6 19. Be1 Qe7 20.
Nd2 Be6 21. Rd1 Na6 22. a3 Qg5 23. d5 Bg8 24. Bf2 Nc5 25. d6 Bxd6 26. Ndxe4 fxe4 27. Rxd6 Nxf2 28. Rxf2 Rxf2 29. Qxf2 Nd3 30. Nxe4 Nxf2 31. Nxg5 Ng4 32. e4 Ne5 33. Nf3 Nxc4 34. Rxc6 b5 35. e5 Nxb2 36. Ng5 Re8 37. e6 g6 38. Nf7+ Kg7 39.
Bd5 Kf6 40. Rb6 1-0

[Event "*** Titled Tuesday Blitz AM"]
[Site "Chess.com"]
[Date "2020.01.07"]
[Round "1"]
[White "hazy13"]
[Black "gmasterkiller"]
[Result "0-1"]
[WhiteElo "2219"]
[BlackElo "2611"]
[TimeControl "180+2"]
[EndTime "9:08:45 PST"]
[Termination "gmasterkiller won by checkmate"]

1. d4 Nf6 2. c4 e6 3. Nc3 Bb4 4. f3 c5 5. a3 Bxc3+ 6. bxc3 d5 7. cxd5 Nxd5 8. dxc5 Qa5 9. e4 Ne7 10. Qd4 Nbc6 11.
Qe3 O-O 12. Nh3 e5 13. Be2 b6 14. cxb6 axb6 15. O-O Ba6 16. Nf2 Rfc8 17. Bd2 Bxe2 18. Qxe2 Qa4 19. Nd3 f6 20. Nb4 Na5 21. Ra2 Nc4 22. Rd1 Qb3 23. Be1 Rd8 24. Nd5 Nxd5 25. exd5 b5 26. Bf2 Qxc3 27. Rc2 Qxa3 28. Rxc4 bxc4 29.
Qxc4 Qa2 30. Qc7 Rxd5 31. Rxd5 Qxd5 32. h3 h6 33. Qc3 Qe6 34. Kh2 Rc8 35. Qa3 Re8 36.
Qa7 Qf7 37. Qe3 Qg6 38. Qc3 Kh7 39.
Be3 Rd8 40. Bf2 Rd3 41. Qc5 Rd2 42. Qe3 Qc2 43. Kg1 Re2 44. Qa7 Qd1+ 45. Kh2 Qf1 46. Kg3 f5 47. Bc5 Qxg2+ 48. Kh4 Qg5# 0-1

[Event "*** Titled Tuesday Blitz AM"]
[Site "Chess.com"]
[Date "2020.01.07"]
[Round "1"]
[White "novocane"]
[Black "IMRosen"]
[Result "1-0"]
[WhiteElo "2188"]
[BlackElo "2575"]
[TimeControl "180+2"]
[EndTime "9:08:46 PST"]
[Termination "novocane won by checkmate"]

1. d4 d5 2. c4 e6 3. Nc3 Nf6 4. cxd5 exd5 5. Bg5 c6 6. Qc2 Bd6 7. e3 O-O 8. Bd3 h6 9. h4 hxg5 10. hxg5 Ne4 11. Bxe4 dxe4 12. Qxe4 f5 13. Qh4 Kf7 14. Qh5+ Ke7 15. Nf3 Be6 16. Qg6 Rf7 17. O-O-O Bd5 18. Ne5 Bxe5 19. dxe5 Qd7 20. e4 fxe4 21. Nxe4 Qe6 22. Qh7 Nd7 23. Nd6 Raf8 24. Nxf7 Rxf7 25. f4 Bxa2 26. Qd3 Bd5 27. Rh7 Nc5 28. Qa3 b6 29.
Qxa7+ Nd7 30. Qa3+ c5 31. g3 Qd6 32. exd6+ Kxd6 33. Qd3 Kc6 34. Qxd5+ Kb5 35. Qxf7 Nb8 36. Qxg7 Nc6 37. Qd7 c4 38. Rh6 Kb4 39. Qxc6 b5 40. Qd6+ Kb3 41. Rd3+ cxd3 42. Qxd3+ Kb4 43. Qc3+ Ka4 44.
Ra6# 1-0

[Event "*** Titled Tuesday Blitz AM"]
[Site "Chess.com"]
[Date "2020.01.07"]
[Round "1"]
[White "Region_07"]
[Black "Zubrrr"]
[Result "0-1"]
[WhiteElo "2361"]
[BlackElo "2718"]
[TimeControl "180+2"]
[EndTime "9:08:48 PST"]
[Termination "Zubrrr won by resignation"]

1. d4 f5 2. c4 Nf6 3. Nc3 g6 4. h4 h6 5. Nf3 d6 6. e3 Bg7 7. b3 O-O 8. Bb2 e6 9. Qc2 Qe7 10.
O-O-O Nbd7 11. Bd3 e5 12. e4 f4 13. Nd5 Qd8 14.
dxe5 dxe5 15. c5 Ng4 16. Bc4 Kh7 17. Ng5+ hxg5 18. hxg5+ Nh6 19. gxh6 Bf6 20. c6 bxc6 21. Nxf6+ Qxf6 22. Bc3 Nb6 23. Be2 a5 24. Qb2 Re8 25.
a4 Bb7 26. g3 c5 27. Bd3 Re7 28. Bc2 c4 29. Qa3 cxb3 30. Bxb3 Bxe4 31. gxf4 Qxf4+ 32. Kb2 Rae8 33. Rdg1 Qxf2+ 34. Ka1 Bxh1 35. Rxh1 Qf3 36.
Bc2 Qxh1+ 37. Ka2 Qd5+ 38. Ka1 e4 39. Bb3 Qf5 40. Qc1 e3 41. Bc2 Qf7 42. Qg1 e2 0-1

[Event "*** Titled Tuesday Blitz AM"]
[Site "Chess.com"]
[Date "2020.01.07"]
[Round "1"]
[White "ferdipy"]
[Black "econpower"]
[Result "0-1"]
[WhiteElo "2249"]
[BlackElo "2635"]
[TimeControl "180+2"]
[EndTime "9:08:50 PST"]
[Termination "econpower won by resignation"]

1. e4 c5 2. d4 cxd4 3. c3 d3 4. c4 Nc6 5. Bxd3 g6 6. Nf3 Bg7 7. O-O d6 8. h3 Nf6 9. Nc3 O-O 10. Be3 Be6 11. Rc1 Qa5 12. Qe2 Rac8 13. b3 Rfd8 14. Rfd1 Ne8 15. Nd5 Bxd5 16. exd5 Ne5 17.
Nxe5 Bxe5 18. Bh6 Qc7 19. f4 Bg7 20. Bg5 Bf6 21. Bh6 Bg7 22. Bg5 Nf6 23. Bh4 Re8 24. Qf3 Qa5 25. Rc2 b5 26. Be1 Qa3 27. Bf2 Nd7 28. Re1 bxc4 29. Bxc4 Nb6 30. Rec1 Nxc4 31.
bxc4 Qxf3 32. gxf3 Rc7 33. c5 dxc5 34. Rxc5 Rd7 35.
Ra5 Bf6 36. Bxa7 Ra8 37. Bb6 Rxa5 38. Bxa5 Rxd5 39. Bc7 Rd4 40. Be5 Ra4 41. Bxf6 exf6 42. Ra1 Ra3 43. Kf2 Kf8 44. Ke2 Ke7 45. Kd2 Kd6 46.
Kc2 Kc6 47. Kb2 Rxf3 48. a4 Kb6 49. Re1 Rxf4 50. Re7 f5 51. Rxf7 Rh4 52. Rf6+ Ka5 53. Rf7 Kxa4 0-1

[Event "*** Titled Tuesday Blitz AM"]
[Site "Chess.com"]
[Date "2020.01.07"]
[Round "1"]
[White "Uih7I9kOKokUOhjUJ"]
[Black "Fh2411"]
[Result "0-1"]
[WhiteElo "2765"]
[BlackElo "2547"]
[TimeControl "180+2"]
[EndTime "9:08:51 PST"]
[Termination "Fh2411 won by resignation"]

1. d4 d5 2. c4 c6 3. cxd5 cxd5 4. Bg5 h6 5. Bh4 Qb6 6. Nc3 e6 7. Qd2 Nc6 8. e3 Bd6 9. Nf3 Nge7 10. Bd3 Nb4 11.
Bb1 Bd7 12. O-O a6 13. a3 Nbc6 14. b4 Na7 15. Bd3 Nb5 16. Na4 Qa7 17. Nc5 b6 18. Nxd7 Qxd7 19. Rfc1 O-O 20. Bg3 Rfc8 21. a4 Bxg3 22.
hxg3 Nd6 23. Ne5 Qe8 24. a5 b5 25. Rc5 Nc4 26. Bxc4 dxc4 27. e4 Rd8 28. Qc3 Ra7 29.
Rd1 f6 30. Ng4 Rad7 31. Ne3 Qg6 32. e5 f5 33. Rd2 Qf7 34. f4 Qg6 35. Kf2 Qf7 36.
Rd1 Kh7 37. Qb2 Kg8 38. Qa1 Qh5 39. Qb2 Qg6 40. Rd2 h5 41. Qc3 Qh6 42. Rd1 h4 43. gxh4 Qxf4+ 44. Ke2 Rxd4 45. Rxd4 Rxd4 46. Rc7 Kf8 47. g3 Qe4 48. Ra7 Rd3 49. Qc1 Nd5 50. Ra8+ Kf7 51. Ra7+ Kg8 52. Ra8+ Kh7 0-1

[Event "*** Titled Tuesday Blitz AM"]
[Site "Chess.com"]
[Date "2020.01.07"]
[Round "1"]
[White "Parhamov"]
[Black "rquery98"]
[Result "1-0"]
[WhiteElo "3055"]
[BlackElo "2524"]
[TimeControl "180+2"]
[EndTime "9:08:53 PST"]
[Termination "Parhamov won on time"]

1. d4 Nf6 2. c4 g6 3. Nc3 d5 4.
cxd5 Nxd5 5. Bd2 Bg7 6. e4 Nb6 7. Be3 O-O 8. Bb5 Be6 9. Nge2 c6 10. Bd3 Nc4 11. Bxc4 Bxc4 12. h4 e5 13. dxe5 Bxe5 14.
h5 Na6 15. hxg6 hxg6 16. a3 Nc7 17. Qa4 Bxe2 18. Kxe2 Qf6 19. Rh3 Ne6 20. Rah1 Nd4+ 21. Kf1 Rfd8 22. f4 Ne6 23. Rh8+ Qxh8 24. Rxh8+ Bxh8 25. e5 Bg7 26. g4 Nc7 27. Qe4 Nd5 28. Nxd5 Rxd5 29. Bd4 Rad8 30. Bc3 Re8 31. Qb4 b5 32.
Qa5 Rd7 33. Qa6 g5 34. Qxc6 Rde7 35. f5 Bxe5 36. Bb4 Bxb2 37. Qh6 Bg7 38. Qxg5 f6 39. Qg6 Re4 40. Bd2 Rd8 41. Bh6 Rd7 42. Kf2 Kh8 43. g5 1-0

[Event "*** Titled Tuesday Blitz AM"]
[Site "Chess.com"]
[Date "2020.01.07"]
[Round "1"]
[White "NZT72"]
[Black "viditchess"]
[Result "0-1"]
[WhiteElo "2519"]
[BlackElo "2986"]
[TimeControl "180+2"]
[EndTime "9:08:56 PST"]
[Termination "viditchess won on time"]

1. c4 e5 2. g3 Nf6 3. Bg2 d5 4. cxd5 Nxd5 5. Nf3 Nc6 6. O-O Nb6 7. b3 Be7 8. Bb2 f6 9. Na3 O-O 10. Nc2 Bg4 11. h3 Bh5 12. g4 Bf7 13. e4 Bg6 14.
Nh4 Qd3 15. Nxg6 hxg6 16. Ne1 Qd7 17. Rc1 Rad8 18. Bc3 Ba3 19. Rb1 a5 20. Nc2 Bc5 21. a3 Bd4 22. Nxd4 Nxd4 23. Bxa5 g5 24. Bc3 Qe7 25. a4 Rd7 26. Re1 Rfd8 27. Qc1 Nc8 28. b4 Ne6 29. Bf1 Nf4 30. b5 b6 31. Re3 Kh7 32. Qc2 Qe6 33. a5 bxa5 34. Bxa5 Nb6 35. Bc3 Kg6 36. Ra1 Nc4 37. Bxc4 Qxc4 38. Kh2 Rxd2 39.
Qxd2 Rxd2 40. Bxd2 Qc2 41. Be1 Qc4 42. Bd2 Qxb5 43.
Rc1 c5 44. Rf3 Qe2 0-1

[Event "*** Titled Tuesday Blitz AM"]
[Site "Chess.com"]
[Date "2020.01.07"]
[Round "1"]
[White "MasterKroket"]
[Black "alishersuleymenov"]
[Result "0-1"]
[WhiteElo "2420"]
[BlackElo "2808"]
[TimeControl "180+2"]
[EndTime "9:08:56 PST"]
[Termination "alishersuleymenov won by resignation"]

1. d4 g6 2. c4 Bg7 3. Nf3 d6 4. e4 Nf6 5. Nc3 O-O 6. Be2 e5 7. d5 a5 8. O-O Na6 9. Bg5 Nc5 10.
Nd2 h6 11. Bh4 c6 12. b3 Bd7 13. a3 Qb6 14. Rb1 Rfc8 15. b4 axb4 16. axb4 Na6 17. c5 dxc5 18. bxc5 Qxc5 19. Na4 Qe7 20. Nb6 cxd5 21.
exd5 Nc5 22. Nxa8 Rxa8 23. Nc4 g5 24. Bg3 Nfe4 25. Qc2 Ba4 26. Qb2 Rd8 27. Rfd1 Bxd1 28. Rxd1 b5 29. Ne3 Na4 30. Qb3 Nec3 31. Rd2 Nxe2+ 32.
Rxe2 Qc5 33. h4 Nc3 34. Rc2 b4 35. hxg5 hxg5 36. Nf5 Rxd5 37. Kh2 Bf8 38. f3 g4 39. fxg4 e4 40. Bf2 Qc7+ 41. Bg3 Qc6 42. Qb2 e3 43. Qc1 Bc5 44. Bf4 e2 45. Qe1 Rd1 46. Qh4 e1=Q 47. Qg5+ Qg6 48. Nh6+ Kh7 49. Qh4 0-1

[Event "*** Titled Tuesday Blitz AM"]
[Site "Chess.com"]
[Date "2020.01.07"]
[Round "1"]
[White "dianosky"]
[Black "EugeneRougon"]
[Result "0-1"]
[WhiteElo "2366"]
[BlackElo "2724"]
[TimeControl "180+2"]
[EndTime "9:09:00 PST"]
[Termination "EugeneRougon won by resignation"]

1. d4 d5 2. c4 c6 3. Nc3 Nf6 4. Nf3 e6 5. Bg5 Nbd7 6. e3 Qa5 7. Bxf6 Nxf6 8. Qc2 Bb4 9. Nd2 c5 10. Nb3 Qc7 11. a3 Bxc3+ 12. bxc3 b6 13. Be2 O-O 14. O-O dxc4 15. Bxc4 Bb7 16. Rfc1 Ng4 17. g3 Qc6 18. e4 cxd4 19. cxd4 Qxe4 20. Qxe4 Bxe4 21. Be2 Nf6 22. Nd2 Bd5 23. Rc3 Rfc8 24. Rac1 Rxc3 25. Rxc3 Kf8 26.
Rc7 Ne8 27. Rc3 Ke7 28. Bb5 Kd6 29. Bd3 Nf6 30. f3 Rd8 31. Kf2 Rd7 32. g4 h6 33.
h4 g5 34. hxg5 hxg5 35. Be4 Rc7 36. Rxc7 Kxc7 37. Bd3 a5 38. Ke3 Bc6 39. Nc4 Nd5+ 40. Kf2 f6 41. Nd2 b5 42. Ne4 b4 43. axb4 axb4 44.
Bc4 Kb6 45. Bxd5 Bxd5 46. Nxf6 b3 0-1

[Event "*** Titled Tuesday Blitz AM"]
[Site "Chess.com"]
[Date "2020.01.07"]
[Round "1"]
[White "Gordima"]
[Black "MartinMatthiesen"]
[Result "0-1"]
[WhiteElo "2829"]
[BlackElo "2507"]
[TimeControl "180+2"]
[EndTime "9:09:04 PST"]
[Termination "MartinMatthiesen won on time"]

1. d4 Nf6 2. c4 e6 3. g3 c5 4.
Nf3 cxd4 5. Nxd4 d5 6. Bg2 e5 7. Nf3 d4 8. O-O Nc6 9. e3 Be7 10. exd4 exd4 11. Bf4 Be6 12. Nbd2 O-O 13. Ne5 Rc8 14.
Re1 Qb6 15. Qb3 Bb4 16. Nd3 Bxd2 17. Bxd2 Nd7 18. Nf4 Nc5 19. Qxb6 axb6 20. b4 Na4 21. Nxe6 fxe6 22. Rxe6 Nc3 23. a3 Rfd8 24. Rc1 Kf7 25. Ree1 Na4 26. Bd5+ Kf8 27. Bg5 Re8 28. Bf4 Rcd8 29.
Rxe8+ Kxe8 30. Re1+ Kf8 31. Be4 d3 32. Bxh7 Nb2 33. Bd2 Nxc4 34. Bc3 Nd4 35. Bxd4 Rxd4 36. Kf1 d2 37. Rd1 Nb2 38. Ke2 Nxd1 39. Kxd1 Kf7 40.
Bc2 g6 41. Ba4 Kf6 42. Bb5 g5 43. h3 Ke5 44. Bf1 Ke4 45. Bg2+ Kd3 46. Bxb7 Kc3 47.
Bf3 Kb3 48. h4 gxh4 49. gxh4 Kxa3 50. b5 Kb4 51. h5 Kc3 52. Ke2 d1=Q+ 0-1

[Event "*** Titled Tuesday Blitz AM"]
[Site "Chess.com"]
[Date "2020.01.07"]
[Round "1"]
[White "Vuk2000"]
[Black "allvim"]
[Result "1-0"]
[WhiteElo "2696"]
[BlackElo "2307"]
[TimeControl "180+2"]
[EndTime "9:09:08 PST"]
[Termination "Vuk2000 won by resignation"]

1. d4 Nf6 2. Bg5 d5 3. Bxf6 exf6 4. e3 Bd6 5. g3 O-O 6. Bg2 c6 7. Nd2 Bf5 8. c4 dxc4 9. Nxc4 Bc7 10. Ne2 Nd7 11. e4 Be6 12. d5 cxd5 13. exd5 Ba5+ 14. Nxa5 Qxa5+ 15. Qd2 Qxd2+ 16. Kxd2 Bf5 17. Nd4 Bg6 18. f4 f5 19. Ne2 Rfe8 20. Nc3 Nc5 21. Rhe1 Rad8 22.
b4 Ne4+ 23. Bxe4 fxe4 24. Ke3 f5 25. Rac1 Bf7 26. Red1 Rc8 27. a3 Red8 28. d6 Rc6 29. Nb5 Rxc1 30. Rxc1 a6 31. Nd4 g6 32. Rc7 Rxd6 33.
Rxb7 Rd8 34. Rb6 Bc4 35. a4 Bd3 36. Nc6 Rd7 37. Ne5 Rd8 38. Nc6 Rd7 39. b5 axb5 40.
axb5 Kg7 41. Ne5 Rd5 42. Rb7+ Kg8 43. Rb8+ Kg7 44. b6 Ba6 45. Ra8 Ra5 46. Nc4 Ra4 47. b7 Bxb7 1-0